 Dungeon Crawl Stone Soup version 0.29.1 (webtiles) character file.

Game seed: 13337949420223671222

58013 wingedge the Fighter (level 14, -4/120 HPs)
             Began as a Demonspawn Artificer on Sept 13, 2022.
             Was a High Priest of Okawaru.
             Slain by an ice devil (7 damage)
             ... summoned by an orc high priest
             ... on level 2 of the Orcish Mines.
             The game lasted 01:46:07 (16834 turns).

wingedge the Fighter (Demonspawn Artificer)        Turns: 16834, Time: 01:46:07

Health: -4/120     AC: 26    Str: 17    XL:     14   Next: 47%
Magic:  0/23       EV:  9    Int: 14    God:    Okawaru [*****.]
Gold:   1404       SH:  0    Dex: 22    Spells: 25/25 levels left

rFire   + . .      SeeInvis +   a - +1 demon whip (venom)
rCold   + . .      Faith    .   (no shield)
rNeg    . . .      Spirit   +   S - +1 gold dragon scales of Liberty {rElec rPois rF+ rC+ Regen+ Dex+3}
rPois   +          Reflect  .   K - +2 hat of the Sturgeon {-Tele Rampage SInv}
rElec   +          Harm     .   (cloak unavailable)
rCorr   .          Rampage  +   (gloves unavailable)
Will    ++...      NoTele   +   n - +1 pair of boots
Stlth   ..........              r - amulet of regeneration
HPRegen 7.90/turn               W - ring "Xaptuje" {Will+ Slay+6}
MPRegen 0.36/turn               V - +6 ring of dexterity

@: heroic, finesse-ful, studying Polearms
A: hooves 1, powered by death 2, magic shield, magic regeneration, weakness
stinger 3, demonic touch 3
a: Renounce Religion, Heroism, Finesse, Duel


You were on level 2 of the Orcish Mines.
You worshipped Okawaru.
Okawaru was extremely pleased with you.
You visited 4 branches of the dungeon, and saw 18 of its levels.
You visited the Abyss 1 time.
You also visited: Ossuary.

You collected 1740 gold pieces.
You spent 336 gold pieces at shops.

Inventory:

Hand Weapons
 a - a +1 demon whip of venom (weapon)
 b - a +3 falchion of freezing
 k - a +4 scimitar
Missiles
 j - 6 javelins (quivered)
 p - 4 curare-tipped darts
 t - 2 throwing nets
 x - a silver boomerang
 z - 15 boomerangs
 F - 3 atropa-tipped darts
 U - 3 boomerangs of dispersal
Armour
 n - a +1 pair of boots (worn)
 q - a +2 kite shield
 B - a +5 chain mail of willpower
 K - the +2 hat of the Sturgeon (worn) {-Tele Rampage SInv}
   (You acquired it on level 6 of the Dungeon)

   SInv:      It lets you see invisible.
   -Tele:     It prevents most forms of teleportation.
   Rampage:   It bestows one free step when moving towards enemies.
 M - a +2 hat of willpower
 N - a +0 tower shield
 S - the +1 gold dragon scales of Liberty (worn) {rElec rPois rF+ rC+ Regen+ Dex+3}
   (Okawaru gifted it to you on level 2 of the Lair of Beasts)

   Dex:       It affects your dexterity (+3).
   rF:        It protects you from fire.
   rC:        It protects you from cold.
   rElec:     It insulates you from electricity.
   rPois:     It protects you from poison.
   Regen:     It increases your rate of health regeneration.
Jewellery
 r - an amulet of regeneration (around neck)
 J - a ring of see invisible
 O - a ring of poison resistance
 V - a +6 ring of dexterity (right hand)
 W - the ring "Xaptuje" (left hand) {Will+ Slay+6}
   (You acquired it on level 4 of the Lair of Beasts)

   [ring of willpower]

   Slay:      It affects your accuracy & damage with ranged weapons and melee
   (+6).
   Will:      It increases your willpower.
Wands
 c - a wand of acid (4)
 f - a wand of flame (13)
 i - a wand of iceblast (31)
 T - a wand of polymorph (14)
Scrolls
 d - 2 scrolls of fear
 e - 7 scrolls of immolation
 h - 2 scrolls of enchant weapon {unknown}
 m - 2 scrolls of magic mapping
 s - 5 scrolls of blinking
 w - 8 scrolls of teleportation
 y - 4 scrolls of fog
 A - 4 scrolls of vulnerability
 E - 2 scrolls of silence
 P - a scroll of summoning
 R - 2 scrolls of torment
 X - a scroll of poison
Potions
 g - 7 potions of brilliance
 l - 3 potions of might
 o - 8 potions of lignification
 u - 4 potions of haste
 v - 13 potions of curing
 C - 3 potions of mutation
 D - 3 potions of flight
 G - 2 potions of resistance
 H - a potion of berserk rage
 I - 2 potions of invisibility
 L - a potion of cancellation {unknown}
 Q - a potion of heal wounds
 Y - 2 potions of magic


   Skills:
 - Level 14.0(19.0) Fighting
 - Level 2.0(7.8) Short Blades
 - Level 3.0(8.3) Long Blades
 - Level 7.0(12.0) Maces & Flails
 - Level 1.0(6.0) Polearms
 - Level 7.0(12.0) Throwing
 - Level 11.0(16.0) Armour
 + Level 8.2(13.2) Dodging
 - Level 1.0(6.0) Stealth
 - Level 5.0(10.0) Shields
 - Level 6.0 Spellcasting
 - Level 10.0 Invocations
 - Level 3.0 Evocations


You had 25 spell levels left.
You didn't know any spells.
Your spell library contained the following spells:

 Spells                   Type           Power      Damage    Failure   Level
 Inner Flame              Hex/Fire       4%         N/A       100%        3
 Portal Projectile        Hex/Tloc       8%         N/A       100%        3
 Cause Fear               Hex            2%         N/A       100%        4
 Leda's Liquefaction      Hex/Erth       2%         N/A       100%        4
 Blade Hands              Tmut           2%         N/A       100%        5
 Lee's Rapid Deconstruct  Erth           2%         3d5*      100%        5
 Statue Form              Tmut/Erth      2%         N/A       100%        6
 Discord                  Hex            2%         N/A       100%        8
 Tukima's Dance           Hex            Unusable   N/A       N/A         3
 Animate Dead             Necr           Unusable   N/A       N/A         4
 Haunt                    Necr/Summ      Unusable   N/A       N/A         7
 Infestation              Necr           Unusable   N/A       N/A         8

Dungeon Overview and Level Annotations

Branches:
Dungeon (10/15)            Temple (1/1) D:7            Lair (5/5) D:8
 Shoals (0/4) Lair:2       Spider (0/4) Lair:3        Slime (0/5) Lair:5
    Orc (2/2) D:10            Elf (0/3) Orc:2       Ossuary (visited)

Altars:
Ashenzari
Cheibriados
Dithmenos
Fedhas
Gozag
Hepliaklqana
Kikubaaqudgha
Makhleb
Nemelex Xobeh
Okawaru
Qazlal
Ru
Sif Muna
Trog
Uskayaw
Vehumet
Wu Jian
Xom
Yredelemnul
Jiyva
Lugonu

Shops:
D:5 ?   D:9 (   D:10 [   Orc:2 [*

Portals:
Abyss: Lair:5


Innate Abilities, Weirdness & Mutations

You have large cloven feet.
You regenerate health from kills.
When hurt, damage is shared between your health and your magic reserves.
You regenerate magic rapidly.
You have a sharp stinger which inflicts weakening toxins.
Your touch may irresistibly damage your foes and sap their willpower.


Message History

Press: ? - help, Dir - move target, f - orc high priest
Aim: an orc high priest, wielding a +0 glaive (strong)
You fail to use your ability.
The orc high priest no longer looks unusually strong.
The orc priest calls upon Beogh to heal the orc sorcerer.
The orc sorcerer is healed somewhat.
The orc warrior hits you with a +0 battleaxe.
The orc knight roars a battlecry!
The orc high priest goes into a battle-frenzy!
The orc high priest hits you but does no damage.
The orc sorcerer hits you but does no damage.
The ice devil hits you. The ice devil freezes you! You resist.
You don't have enough magic at the moment.
You whack the ice devil!
Your tail-slap misses the ice devil.
The ice devil is moderately wounded.
Okay, then.
You whack the orc sorcerer!
The orc sorcerer looks as sick as possible!
You tail-slap the orc sorcerer!
You kill the orc sorcerer!
Okawaru accepts your kill.
Unknown command.
You whack the orc high priest!
The orc high priest is poisoned.
You tail-slap the orc high priest!
The orc high priest looks weaker.
You touch the orc high priest!
You sap its willpower!
The orc high priest is heavily wounded.
You whack the orc high priest!
The orc high priest looks as sick as possible!
The orc high priest is almost dead.
The orc priest invokes the aid of Beogh against you.
Pain shoots through your body!
The orc knight hits you with a +2 battleaxe!!
* * * LOW HITPOINT WARNING * * *
The orc high priest invokes the aid of Beogh against you.
Beogh smites you!
* * * LOW HITPOINT WARNING * * *
The orc warrior hits you with a +0 battleaxe!!
* * * LOW HITPOINT WARNING * * *
The ice devil hits you!
You die...

......#.## .........##
...#......######
.....)#.###....÷##
.....#.##∩.......###
....#### ......÷...#
...##.# ..÷...÷...##
......# ....○..oo÷.##
......## ...÷..)@4)).#
.......# ∩.÷...oo#.).##
.......####..÷.÷.##...#
..........####..###)..#
.......))....#####....#
......))..)#####.)...##
........<.......))..##
............)......##
.................###


You could see an orc knight (strong), an orc high priest (strong, extremely
poisoned, weak-willed, weak), an ice devil (summoned, poisoned), an orc warrior
(strong) and an orc priest (strong).

Vanquished Creatures
  A tentacled starspawn (Abyss:1)
  Gastronok (D:9)
  The ghost of groovy9 the Brawler, a journeyman TrFi of Wu Jian (Arena)
  The ghost of Icepheonix32 the Thaumaturge, a journeyman DrFE of Qazlal (Lair:2)
  Josephine (D:10)
  A boulder beetle (Lair:5)
  A rakshasa (Abyss:1)
  3 hydras
  The ghost of liarliar the Arsonist, a journeyman PaFE of Sif Muna (Lair:2)
  8 death yaks
  3 thrashing horrors (Lair:5)
  Sonja (Lair:1)
  2 orc high priests (Orc:2)
  Amaemon (D:10)
  6 large abominations
  Pikel (D:9)
  4 orc knights (Orc:2)
  A wolf spider (Lair:3)
  4 orc sorcerers
  A worldbinder (Abyss:1)
  4 elephants (Lair:5)
  3 black mambas
  A merfolk siren (Lair:2)
  A torpor snail (Lair:3)
  4 smoke demons
  A black mamba (shapeshifter) (Lair:5)
  An orange demon (D:10)
  An unseen horror (D:10)
  12 cane toads
  Maggie (D:7)
  3 rime drakes
  2 komodo dragons
  An ancient zyme (Lair:5)
  2 hornets
  2 trolls
  A tarantella (Lair:3)
  2 slime creatures (Lair:5)
  2 dream sheep (Lair:3)
  Grinder (D:5)
  4 polar bears
  17 blink frogs
  A centaur simulacrum (D:10)
  A ynoxinul (Lair:5)
  34 yaks
  A spriggan (Lair:5)
  Eustachio (D:6)
  A human (shapeshifter) (Lair:5)
  6 wraiths (D:10)
  4 wyverns
  2 unseen horror simulacra (D:10)
  A chaos spawn (Lair:5)
  7 basilisks
  A warg (Orc:2)
  12 small abominations (Lair:5)
  Duvessa (D:5)
  11 water moccasins
  5 ice beasts
  2 sky beasts (D:7)
  14 orc warriors
  4 ogres
  15 wolves
  2 phantoms (D:10)
  4 centaurs
  2 kobold brigands
  6 bullfrogs
  13 scorpions
  2 gnoll sergeants
  A necrophage (D:8)
  13 wights (D:9)
  Dowan (D:5)
  2 troll zombies (D:10)
  4 killer bees (D:7)
  A howler monkey (D:5)
  3 electric eels (D:10)
  3 centaur zombies (Ossuary)
  11 orc priests
  2 human zombies (Ossuary)
  Crazy Yiuf (D:7)
  3 jellies
  Jessica (D:3)
  8 iguanas
  Terence (D:3)
  6 scorpion zombies (Ossuary)
  15 orc wizards
  4 ogre zombies (D:10)
  3 mummies (Ossuary)
  7 gnolls
  7 adders
  2 river rats (D:8)
  10 white imps
  A howler monkey simulacrum (D:10)
  5 ufetubi
  2 dart slugs
  55 orcs
  6 bats
  8 endoplasms
  A giant cockroach (D:1)
  2 gnoll zombies (Ossuary)
  2 goblins
  6 hobgoblins
  6 quokkas
  6 ball pythons
  2 frilled lizards (D:2)
  3 goblin zombies
  2 hobgoblin skeletons (D:10)
  3 hobgoblin zombies
  13 kobolds
  4 orc skeletons (D:10)
  13 orc zombies
  7 rats
  A starspawn tentacle (Abyss:1)
519 creatures vanquished.

Vanquished Creatures (others)
  18 fungi
  16 plants
  2 starspawn tentacles (Abyss:1)
36 creatures vanquished.

Grand Total: 555 creatures vanquished

Notes
Turn   | Place    | Note
-------+----------+-------------------------------------------
     0 | D:1      | wingedge the Demonspawn Artificer began the quest for the
                  | Orb.
     0 | D:1      | Reached XP level 1. HP: 15/15 MP: 1/1
    37 | D:1      | Reached skill level 1 in Dodging
    37 | D:1      | Reached skill level 1 in Stealth
   462 | D:1      | Gained mutation: You regenerate magic rapidly. [demonic
                  | ancestry]
   462 | D:1      | Reached XP level 2. HP: 22/22 MP: 2/2
   506 | D:1      | Reached skill level 2 in Fighting
   824 | D:2      | Reached skill level 1 in Shields
  1590 | D:2      | Reached XP level 3. HP: 23/28 MP: 3/3
  1713 | D:2      | Found a bloodstained altar of Trog.
  1942 | D:2      | Noticed a golden eye
  1943 | D:2      | Found a faded altar of an unknown god.
  1946 | D:2      | Noticed an eye of devastation
  1946 | D:2      | Noticed a shining eye
  1946 | D:2      | Noticed a golden eye
  1951 | D:2      | Prayed at the altar of an unknown god.
  1951 | D:2      | Became a worshipper of Warmaster Okawaru
  1951 | D:2      | Reached * piety under Okawaru
  2617 | D:3      | Reached skill level 3 in Fighting
  2671 | D:3      | Reached skill level 1 in Invocations
  2978 | D:3      | Discovered your monstrous ancestry.
  2978 | D:3      | Gained mutation: You have a small tail. [demonic ancestry]
  2978 | D:3      | Reached XP level 4. HP: 34/35 MP: 5/5
  3081 | D:3      | Noticed Terence
  3097 | D:3      | Killed Terence
  3098 | D:3      | Reached skill level 1 in Polearms
  3111 | D:3      | Found a sparkling altar of Nemelex Xobeh.
  3273 | D:3      | Noticed Jessica
  3286 | D:3      | Killed Jessica
  3550 | D:4      | Reached skill level 4 in Fighting
  3550 | D:4      | Gained mutation: You have a tail ending in a sharp stinger.
                  | [demonic ancestry]
  3550 | D:4      | Reached XP level 5. HP: 42/42 MP: 6/6
  3664 | D:4      | Reached skill level 1 in Short Blades
  4185 | D:4      | Gained mutation: You have large cloven feet. [demonic
                  | ancestry]
  4185 | D:4      | Reached XP level 6. HP: 48/48 MP: 7/7
  4590 | D:5      | Entered Level 5 of the Dungeon
  4658 | D:5      | Reached skill level 5 in Fighting
  4733 | D:5      | Found an iron altar of Okawaru.
  4774 | D:5      | Gained mutation: You regenerate a little health from kills.
                  | [demonic ancestry]
  4774 | D:5      | Reached XP level 7. HP: 56/56 MP: 8/8
  4876 | D:5      | Noticed Grinder
  4904 | D:5      | Killed Grinder
  4904 | D:5      | Reached ** piety under Okawaru
  4905 | D:5      | Reached skill level 6 in Fighting
  4905 | D:5      | Reached skill level 1 in Maces & Flails
  4919 | D:5      | Found a sand-covered staircase.
  4923 | Ossuary  | Entered an ossuary
  5041 | Ossuary  | Gained mutation: You regenerate health from kills. [demonic
                  | ancestry]
  5041 | Ossuary  | Reached XP level 8. HP: 64/64 MP: 11/11
  5136 | Ossuary  | Reached skill level 7 in Fighting
  5164 | Ossuary  | Reached *** piety under Okawaru
  5613 | D:5      | Noticed Dowan
  5613 | D:5      | Noticed Duvessa
  5616 | D:5      | Found a radiant altar of Vehumet.
  5624 | D:5      | Killed Duvessa
  5625 | D:5      | Reached skill level 8 in Fighting
  5644 | D:5      | HP: 3/68 [Dowan/+5 dagger of venom (11)]
  5644 | D:5      | HP: 1/68 [Dowan/+5 dagger of venom (2)]
  5734 | D:5      | Killed Dowan
  5786 | D:5      | Reached skill level 5 in Armour
  5786 | D:5      | Gained mutation: Your touch may inflict minor irresistible
                  | damage on your foes. [demonic ancestry]
  5786 | D:5      | Reached XP level 9. HP: 38/74 MP: 10/12
  5844 | D:5      | Found Kaneomiu's Magic Scroll Emporium.
  5847 | D:5      | Bought a scroll of enchant armour for 82 gold pieces
  5847 | D:5      | Bought a scroll of enchant armour for 82 gold pieces
  5847 | D:5      | Bought a scroll of noise for 11 gold pieces
  5847 | D:5      | Bought a scroll of identify for 22 gold pieces
  5926 | D:6      | Noticed Eustachio
  5940 | D:6      | Killed Eustachio
  6047 | D:6      | Identified a scroll of acquirement
  6059 | D:6      | Acquired the +2 hat of the Sturgeon {-Tele Rampage SInv}
  6124 | D:6      | Reached skill level 9 in Fighting
  6372 | D:7      | Reached skill level 5 in Maces & Flails
  6693 | D:7      | Found a staircase to the Ecumenical Temple.
  6702 | Temple   | Entered the Ecumenical Temple
  6927 | D:7      | Reached **** piety under Okawaru
  7128 | D:7      | Reached skill level 10 in Fighting
  7154 | D:7      | Found a runed translucent door.
  7155 | D:7      | Noticed Crazy Yiuf
  7161 | D:7      | Killed Crazy Yiuf
  7287 | D:7      | Noticed Maggie
  7297 | D:7      | Killed Maggie
  7412 | D:8      | Found a sacrificial altar of Ru.
  7415 | D:8      | Noticed a death yak
  7420 | D:8      | Noticed a death yak
  7420 | D:8      | Noticed a death yak
  7430 | D:8      | Killed a death yak
  7431 | D:8      | Reached XP level 10. HP: 82/86 MP: 6/13
  7443 | D:8      | Killed a death yak
  7444 | D:8      | Reached skill level 11 in Fighting
  7454 | D:8      | Killed a death yak
  7454 | D:8      | Reached ***** piety under Okawaru
  7476 | D:8      | Found a staircase to the Lair.
  7551 | D:8      | Reached skill level 12 in Fighting
  8385 | Lair:1   | Entered Level 1 of the Lair of Beasts
  8388 | Lair:1   | Noticed a black mamba
  8398 | Lair:1   | Killed a black mamba
  8466 | Lair:1   | Noticed a cane toad
  8470 | Lair:1   | Killed a cane toad
  8508 | Lair:1   | Noticed Sonja
  8590 | Lair:1   | Noticed a cane toad
  8598 | Lair:1   | Killed a cane toad
  8599 | Lair:1   | Reached skill level 5 in Dodging
  8760 | Lair:1   | Noticed a cane toad
  8772 | Lair:1   | Killed a cane toad
  8773 | Lair:1   | Gained mutation: When hurt, damage is shared between your
                  | health and your magic reserves. [demonic ancestry]
  8773 | Lair:1   | Reached XP level 11. HP: 48/95 MP: 14/14
  8885 | Lair:1   | Reached skill level 1 in Spellcasting
  9159 | Abyss:1  | Cast into level 1 of the Abyss (Sonja)
  9161 | Abyss:1  | Found a corrupted altar of Lugonu.
  9167 | Abyss:1  | Noticed a tentacled starspawn
  9181 | Abyss:1  | Killed a tentacled starspawn
  9181 | Abyss:1  | Received a gift from Okawaru
  9210 | Abyss:1  | Noticed a rakshasa
  9227 | Abyss:1  | Killed a rakshasa
  9253 | Abyss:1  | Noticed a deep elf pyromancer
  9253 | Abyss:1  | Noticed a deep elf zephyrmancer
  9253 | Abyss:1  | Noticed a deep elf knight
  9260 | Abyss:1  | Noticed a deep elf pyromancer
  9260 | Abyss:1  | Noticed a deep elf knight
  9263 | Abyss:1  | Noticed a deep elf knight
  9278 | Abyss:1  | Found a corrupted altar of Lugonu.
  9279 | Abyss:1  | Noticed a bone dragon
  9480 | Abyss:1  | Noticed a large abomination
  9480 | Abyss:1  | Noticed a large abomination
  9499 | Abyss:1  | Killed a large abomination
  9510 | Abyss:1  | Killed a large abomination
  9511 | Abyss:1  | Reached skill level 5 in Invocations
  9513 | Lair:1   | Escaped the Abyss
  9526 | Lair:1   | Killed Sonja
  9958 | Lair:2   | Identified the +1 gold dragon scales of Liberty {rElec
                  | rPois rF+ rC+ Regen+ Dex+3} (Okawaru gifted it to you on
                  | level 2 of the Lair of Beasts)
  9958 | Lair:2   | Received a gift from Okawaru
 10090 | Lair:2   | Found a staircase to the Shoals.
 10214 | Lair:2   | Reached skill level 1 in Throwing
 10289 | Lair:2   | Found a runed translucent gate.
 10290 | Lair:2   | Found a runed translucent gate.
 10291 | Lair:2   | Found a runed translucent gate.
 10291 | Lair:2   | Noticed liarliar's ghost (journeyman PaFE)
 10291 | Lair:2   | Noticed Icepheonix32's ghost (journeyman DrFE)
 10291 | Lair:2   | Noticed groovy9's ghost (journeyman TrFi)
 10300 | Arena    | Entered the Arena
 10312 | Arena    | Killed groovy9's ghost
 10313 | Arena    | Gained mutation: Your touch may inflict irresistible damage
                  | on your foes. [demonic ancestry]
 10313 | Arena    | Reached XP level 12. HP: 42/102 MP: 2/18
 10333 | Lair:2   | Killed liarliar's ghost
 10348 | Lair:2   | Killed Icepheonix32's ghost
 11030 | Lair:3   | Noticed a six-headed hydra
 11043 | Lair:3   | Killed a six-headed hydra
 11212 | Lair:3   | Reached skill level 10 in Armour
 11579 | Lair:3   | Found a hole to the Spider Nest.
 11915 | Lair:4   | Noticed a death yak
 11918 | Lair:4   | Noticed a death yak
 11937 | Lair:4   | Killed a death yak
 11937 | Lair:4   | Noticed a death yak
 11940 | Lair:4   | Noticed a death yak
 11945 | Lair:4   | Noticed a death yak
 11956 | Lair:4   | Killed a death yak
 11957 | Lair:4   | Reached skill level 13 in Fighting
 11967 | Lair:4   | Killed a death yak
 11987 | Lair:4   | Killed a death yak
 11988 | Lair:4   | Reached skill level 5 in Shields
 11999 | Lair:4   | Killed a death yak
 12295 | Lair:4   | Found an ancient bone altar of Kikubaaqudgha.
 12455 | Lair:4   | Acquired the ring "Xaptuje" {Will+ Slay+6}
 12730 | Lair:5   | Entered Level 5 of the Lair of Beasts
 12730 | Lair:5   | Noticed a five-headed hydra
 12739 | Lair:5   | Killed a five-headed hydra
 12740 | Lair:5   | Gained mutation: You have a sharp stinger which inflicts
                  | weakening toxins. [demonic ancestry]
 12740 | Lair:5   | Reached XP level 13. HP: 111/112 MP: 12/19
 12836 | Lair:5   | Reached skill level 14 in Fighting
 12839 | Lair:5   | Identified the +2 quarterstaff of Seastro {vorpal, Dex+3}
                  | (Okawaru gifted it to you on level 5 of the Lair of Beasts)
 12839 | Lair:5   | Received a gift from Okawaru
 13008 | Lair:5   | Found a viscous altar of Jiyva.
 13009 | Lair:5   | Found a staircase to the Slime Pits.
 13333 | Lair:5   | Reached skill level 5 in Spellcasting
 13392 | Lair:5   | Reached skill level 10 in Invocations
 13680 | Lair:5   | Received a gift from Okawaru
 13816 | Lair:5   | Found a corrupted altar of Lugonu.
 13821 | Lair:5   | Found a one-way gate to the infinite horrors of the Abyss.
 14474 | D:9      | Found Woagroime's Antique Weapon Emporium.
 14621 | D:9      | Noticed Pikel
 14630 | D:9      | Killed Pikel
 14630 | D:9      | Received a gift from Okawaru
 14730 | D:9      | Noticed Gastronok
 14742 | D:9      | Killed Gastronok
 15101 | D:10     | Entered Level 10 of the Dungeon
 15169 | D:10     | Found Erehir's Antique Armour Shop.
 15175 | D:10     | Bought a tower shield for 139 gold pieces
 15195 | D:10     | Gained mutation: Your touch may irresistibly damage your
                  | foes and sap their willpower. [demonic ancestry]
 15195 | D:10     | Reached XP level 14. HP: 110/110 MP: 22/22
 15294 | D:10     | Found a staircase to the Orcish Mines.
 15323 | D:10     | Reached skill level 1 in Long Blades
 15343 | D:10     | Noticed Josephine
 15355 | D:10     | Killed Josephine
 15487 | D:10     | Noticed Amaemon
 15497 | D:10     | Killed Amaemon
 15667 | D:10     | Received a gift from Okawaru
 15964 | D:10     | Found a burning altar of Makhleb.
 16066 | Orc:1    | Entered Level 1 of the Orcish Mines
 16098 | Orc:1    | Reached skill level 5 in Throwing
 16348 | Orc:2    | Entered Level 2 of the Orcish Mines
 16396 | Orc:2    | Identified the +1 robe "Diashy" {Dex+2} (Okawaru gifted it
                  | to you on level 2 of the Orcish Mines)
 16396 | Orc:2    | Received a gift from Okawaru
 16615 | Orc:2    | Found a staircase to the Elven Halls.
 16828 | Orc:2    | Found Poowug's General Store.
 16828 | Orc:2    | Found Fynka's Armour Shop.
 16834 | Orc:2    | HP: 3/120 [orc warrior/+0 battleaxe (17)]
 16834 | Orc:2    | Slain by an ice devil

Illustrated notes

Levels and vault maps discovered:
D:1:      minmay_arrival_doors, layout_loops_ring, minmay_misc_feat_roman
D:2:      layout_basic, hellmonk_ecumenical_altar_watching_god, basic_altar
D:3:      layout_basic, mainiacjoe_overflow_alcove_1, uniq_terence, uniq_jessica
D:4:      layout_basic, serial_aquarium, aquarium_bridge_square
          [aquarium_subvault_bridge, aquarium_subvault_bridge,
          aquarium_subvault_bridge, aquarium_subvault_balcony],
          aquarium_bridge_square [aquarium_subvault_bridge,
          aquarium_subvault_bridge, aquarium_subvault_bridge,
          aquarium_subvault_bridge], aquarium_window_corridor_1,
          aquarium_window_2, aquarium_window_1, aquarium_window_corner,
          aquarium_view_2d, aquarium_view_2e, aquarium_balcony_3b, moated_statue
D:5:      layout_rooms, lemuel_crystal_altar, vehumet_crystals, enter_ossuary_5,
          serial_shops, nicolae_shop_window_shopping, grunt_ministairs_11,
          dk_noncrumbling_4, amcnicky_mini_pool_small,
          kennysheep_cross_bottleneck, uniq_duvessa, uniq_grinder
D:6:      layout_cave_pools, serial_column_ruins, column_ruins_hut_pillars,
          column_ruins_square_medium, column_ruins_corridor_straight,
          column_ruins_columns_T, column_ruins_open_medium, column_ruins_grid_1,
          column_ruins_grid_3, uniq_eustachio
D:7:      layout_loops_ring, temple_statues, grunt_ministairs_2,
          uniq_crazy_yiuf_cottage, uniq_maggie
D:8:      layout_basic, kennysheep_mini, dpeg_lair_monsters
D:9:      layout_stronghold, serial_shops, nicolae_shop_hallway_stairs,
          uniq_gastronok, uniq_pikel
D:10:     layout_rooms, demons_altar, zombieorc1_lemuel, serial_ice,
          serial_ice_g, serial_ice_i, serial_ice_n, serial_ice_e, serial_ice_c,
          serial_ice_b, serial_ice_d, serial_ice_a, serial_ice_m, serial_ice_f,
          serial_shops, shop, hangedman_decor_opposing, uniq_amaemon,
          uniq_josephine
Temple:   minmay_crystal_spiral_temple
Lair:1:   layout_regular_city, grunt_megastairs_1, uniq_sonja
Lair:2:   layout_cave_pods, minmay_shoals_entry_lonely_mermaid,
          gammafunk_ghost_cemetery
Lair:3:   layout_misc_corridors, spider_nest_entry_rubble,
          nicolae_lair_run_with_the_wolves
Lair:4:   layout_regular_city, basic_altar, minivault_23, serial_bayou_shore_a,
          grunt_megastairs_3, infiniplex_staircase_pool
Lair:5:   hellmonk_lair_end_abyssal_woods, layout_regular_city,
          minmay_slime_entry_pillars
Orc:1:    layout_caves
Orc:2:    grunt_orc_tribal_feast, layout_caves

Skill      XL: |  1  2  3  4  5  6  7  8  9 10 11 12 13 14 |
---------------+-------------------------------------------+-----
Dodging        | 1 3 5 8 |  8.2
Stealth        | 1 |  1.0
Armour         | 2 3 4 5 6 8 10 11 | 11.0
Fighting       | 2 3 4 5 6 8 10 12 13 14 | 14.0
Shields        | 1 2 3 4 5 |  5.0
Invocations    | 2 4 9 10 | 10.0
Polearms       | 1 |  1.0
Short Blades   | 1 2 |  2.0
Maces & Flails | 2 4 5 6 7 |  7.0
Spellcasting   | 3 4 5 6 |  6.0
Throwing       | 2 3 4 7 |  7.0
Long Blades    | 3 |  3.0
Evocations     | |  3.0

Action                   |  1- 3 |  4- 6 |  7- 9 | 10-12 | 13-15 || total
-------------------------+-------+-------+-------+-------+-------++-------
Melee: Spear             |   179 |    27 |       |       |       ||   206
       Club              |     8 |       |       |       |       ||     8
       Dagger            |       |    96 |    51 |       |       ||   147
       Tailslap          |       |    11 |    50 |   152 |   152 ||   365
       Kick              |       |    17 |   102 |   221 |       ||   340
       Morningstar       |       |       |   252 |   759 |   404 ||  1415
       Touch             |       |       |    24 |    20 |    73 ||   117
       Punch             |       |       |     1 |     2 |     9 ||    12
       Scimitar          |       |       |       |       |   163 ||   163
       Demon whip        |       |       |       |       |   264 ||   264
 Fire: Sling             |       |     2 |     2 |       |       ||     4
Throw: Stone             |     5 |       |       |       |       ||     5
       Throwing net      |       |       |     4 |       |       ||     4
       Boomerang         |       |       |     2 |     4 |       ||     6
       Dart              |       |       |       |     2 |       ||     2
       Javelin           |       |       |       |       |     4 ||     4
Invok: Heroism           |     2 |     4 |    13 |    19 |    13 ||    51
       Finesse           |       |       |     1 |    10 |     7 ||    18
       Duel              |       |       |       |     1 |       ||     1
Evoke: Wand              |     4 |     4 |     2 |     2 |     1 ||    13
  Use: Scroll            |     4 |     3 |    12 |    13 |     3 ||    35
       Potion            |       |       |     2 |    10 |       ||    12
 Stab: Sleeping          |     7 |     1 |       |       |       ||     8
       Distracted        |     1 |       |       |       |       ||     1
Armor: Leather armour    |    47 |       |       |       |       ||    47
       Robe              |     5 |     3 |       |       |       ||     8
       Chain mail        |       |    47 |   205 |   173 |       ||   425
       Gold dragon scale |       |       |       |   334 |   730 ||  1064
Dodge: Dodged            |    75 |    31 |   101 |   176 |   209 ||   592
Block: Buckler           |    31 |    16 |    41 |       |       ||    88
       Kite shield       |       |       |       |   351 |   276 ||   627
       Tower shield      |       |       |       |       |     6 ||     6
